 Dungeon Crawl Stone Soup version 0.23.0 (webtiles) character file.

Game seed: 10895111273901929082

1 Monsterracer the Vexing (level 1, -1/14 HPs)
             Began as a Hill Orc Enchanter on Feb 16, 2019.
             Slain by a kobold
             ... wielding a +0 club
              (3 damage)
             ... on level 1 of the Dungeon.
             The game lasted 00:00:12 (99 turns).

Monsterracer the Vexing (Hill Orc Enchanter)          Turns: 99, Time: 00:00:13

Health: -1/14      AC:  2    Str: 10    XL:     1   Next: 20%
Magic:  3/3        EV: 12    Int: 15    God:
Gold:   0          SH:  0    Dex: 11    Spells: 2/3 levels left

rFire    . . .     SeeInvis .   a - +1 dagger
rCold    . . .     Gourm    .   (no shield)
rNeg     . . .     Faith    .   b - +0 robe
rPois    .         Spirit   .   (no helmet)
rElec    .         Reflect  .   (no cloak)
rCorr    .         Harm     .   (no gloves)
MR       .....                  (no boots)
Stlth    ++........             (no amulet)
HPRegen  0.04/turn              (no ring)
MPRegen  0.08/turn              (no ring)

@: no status effects
A: no striking features
a: no special abilities


You were on level 1 of the Dungeon.
You were not hungry.

You visited 1 branch of the dungeon, and saw 1 of its levels.

Inventory:

Hand Weapons
 a - a +1 dagger (weapon)
Armour
 b - a +0 robe (worn)
Comestibles
 c - 2 rations


   Skills:
 + Level 0.1 Fighting
 * Level 1.1 Short Blades
 - Level 1.5 Dodging
 - Level 2.4 Stealth
 - Level 1.5 Spellcasting
 - Level 3.0 Hexes


You had 2 spell levels left.
You knew the following spells:

 Your Spells              Type           Power        Failure   Level  Hunger
j - Corona                Hex            ##.....      7%          1    ##.....

Your spell library contained the following spells:

 Spells                   Type           Power        Failure   Level  Hunger
 Ensorcelled Hibernation  Hex/Ice        #.....       19%         2    ###....
 Confuse                  Hex            ##......     21%         3    ####...
 Tukima's Dance           Hex            ##......     21%         3    ####...
 Dazzling Spray           Conj/Hex       #.....       36%         3    ####...


Dungeon Overview and Level Annotations

Branches:
Dungeon (1/15)

Altars:


Message History

c - a ration Welcome, Monsterracer the Hill Orc Enchanter.
The bosom of this dungeon contains the fabled artefact, the Orb of Zot.
Press ? for a list of commands and other information.
Found a dagger, a ration and a spear.
Found a staircase leading out of the dungeon.
c - 2 rations (gained 1)
Found a stone staircase leading down.
There is a stone staircase leading down here.
A kobold comes into view.
A kobold is nearby!
The kobold shouts!
You barely miss the kobold. The kobold hits you but does no damage.
You closely miss the kobold. The kobold hits you.
You take 2 damage, and have 12/14 hp.
You closely miss the kobold. The kobold barely misses you.
You closely miss the kobold. The kobold barely misses you.
You hit the kobold.
You kill the kobold!
No target in view!
No target in view!
No target in view!
HP restored.
You see here 3 stones.
A kobold comes into view. It is wielding a +0 club.
Health restored: 14 A kobold is nearby!
The kobold shouts!
You hear a shout!
A goblin comes into view. It is wielding a +0 dagger.
You closely miss the kobold. The kobold hits you but does no damage.
You closely miss the kobold. The kobold hits you but does no damage.
You hit the kobold but do no damage. The kobold barely misses you.
You closely miss the kobold. The kobold closely misses you.
You hit the kobold.
The kobold is moderately wounded.
The goblin hits you with a +0 dagger. The kobold completely misses you.
You take 3 damage, and have 11/14 hp.
MASSIVE DAMAGE!!
You miss the kobold.
The kobold is moderately wounded.
The goblin barely misses you. The kobold hits you but does no damage.
You barely miss the kobold.
The kobold is moderately wounded.
The goblin closely misses you.
You hit the kobold.
The kobold is severely wounded.
The kobold hits you with a +0 club.
* * * LOW HITPOINT WARNING * * *
The goblin hits you with a +0 dagger.
* * * LOW HITPOINT WARNING * * *
You take 9 damage, and have 2/14 hp.
MASSIVE DAMAGE!!
You hit the kobold but do no damage.
The kobold is severely wounded.
The kobold hits you with a +0 club.
You die...

.#
.##.....................
#.# .....#.#
#######.###### #.#
#...... #.....# #.#
....# #.##### #.##...#
#.# #.#.# #.# #..# #>#
###.#########.#
#....gK@.(....#
.....#.###########
######.. ###


You could see a goblin and a kobold.

Vanquished Creatures
  A kobold (D:1)
1 creature vanquished.

Notes
Turn   | Place    | Note
-------+----------+-------------------------------------------
     0 | D:1      | Monsterracer the Hill Orc Enchanter began the quest for the
                  | Orb.
     0 | D:1      | Reached XP level 1. HP: 14/14 MP: 3/3
    92 | D:1      | HP: 5/14 [kobold/+0 club (6)]
    92 | D:1      | HP: 2/14 [goblin/+0 dagger (3)]
    99 | D:1      | Slain by a kobold

Action                   || total
-------------------------++-------
Melee: Dagger            ||    14
Armor: Robe              ||     2
Dodge: Dodged            ||     7

Levels and vault maps discovered:
D:1:      enne_arrival_octagon_isle, layout_loops_ring, grunt_decor_fettered,
          minivault_23, minmay_worlds_worst_comb
